 Dungeon Crawl Stone Soup version 0.21.1-1-g345015f (webtiles) character file.

112 letownia2 the Conjurer (level 4, -1/24 HPs)
             Began as a Tengu Conjurer on Mar 3, 2018.
             Was an Initiate of Cheibriados.
             Slain by an iguana (8 damage)
             ... on level 3 of the Dungeon.
             The game lasted 00:08:28 (946 turns).

letownia2 the Conjurer (Tengu Conjurer)              Turns: 946, Time: 00:08:29

Health: -1/24      AC:  2    Str:  9    XL:     4   Next: 95%
Magic:  0/8        EV: 13    Int: 18    God:    Cheibriados [......]
Gold:   91         SH:  0    Dex: 15    Spells: 0/7 levels left

rFire    . . .     SeeInvis .   a - staff of conjuration
rCold    . . .     Gourm    .   (no shield)
rNeg     . . .     Faith    .   o - +0 robe
rPois    .         Spirit   .   (helmet restricted)
rElec    .         Reflect  .   (no cloak)
rCorr    .         Harm     .   (no gloves)
MR       .....     Rnd*Tele +   (boots unavailable)
Stlth    ++........             m - amulet of regeneration
HPRegen  0.48/turn              n - ring of teleportation
MPRegen  0.11/turn              (no ring)

@: very slow
A: beak, talons 3
a: Bend Time, Renounce Religion


You were on level 3 of the Dungeon.
You worshipped Cheibriados.
Cheibriados was noncommittal.
You were hungry.

You visited 2 branches of the dungeon, and saw 5 of its levels.

You collected 91 gold pieces.

Inventory:

Hand Weapons
 b - a +0 flail of holy wrath
 i - a +0 dagger
Armour
 o - a +0 robe (worn)
 q - a +0 ring mail
Magical Staves
 a - an uncursed staff of conjuration (weapon)
Jewellery
 m - an amulet of regeneration (around neck)
 n - a ring of teleportation (left hand)
Scrolls
 d - a scroll of identify {unknown}
 e - 3 scrolls of remove curse
 f - a scroll of immolation {unknown}
 g - a scroll of blinking
 h - a scroll of amnesia {unknown}
 k - a scroll of teleportation {unknown}
Books
 p - a book of Conjurations

   Spells                             Type                      Level
   a - Magic Dart                     Conjuration                  1
   b - Searing Ray                    Conjuration                  2
   c - Dazzling Spray                 Conjuration/Hexes            3
   d - Fulminant Prism                Conjuration/Hexes            4
   e - Force Lance                    Conjuration/Translocation    4
   f - Iskenderun's Mystic Blast      Conjuration                  4
Comestibles
 c - 2 rations
 j - 3 chunks of flesh


   Skills:
 + Level 0.2 Fighting
 + Level 0.2 Armour
 + Level 2.2 Dodging
 - Level 2.0 Stealth
 + Level 2.0 Spellcasting
 - Level 7.9 Conjurations


You couldn't memorise any spells.
You knew the following spells:

 Your Spells              Type           Power        Failure   Level  Hunger
a - Magic Dart            Conj           ####         1%          1    #......
d - Iskenderun's Mystic   Conj           #####...     7%          4    #####..
l - Searing Ray           Conj           #####.       1%          2    ###....


Dungeon Overview and Level Annotations

Branches:
Dungeon (4/15)             Temple (1/1) D:4

Altars:
Ashenzari
Cheibriados
Dithmenos
Fedhas
Hepliaklqana
Kikubaaqudgha
Makhleb
Nemelex Xobeh
Qazlal
Ru
Uskayaw
Vehumet
Wu Jian
Xom
Yredelemnul

Annotations:
D:4 Dowan, Duvessa


Innate Abilities, Weirdness & Mutations

You have a beak for a mouth.
You have claws for feet.


Message History

Your magical contamination has completely faded away.
The iguana bites you!
Ouch! That really hurt!
* * * LOW HITPOINT WARNING * * *
The iguana bites you.
* * * LOW HITPOINT WARNING * * *
Unknown command.
It was a potion of curing.
You feel better. The iguana bites you!
* * * LOW HITPOINT WARNING * * *
Wield which item (- for none, * to show all)? (? for menu, Esc to quit)
Okay, then.
Casting: Searing Ray
Confirm with . or Enter, or press ? or * to list all spells.
Aiming: Magic Dart
Press: ? - help, Shift-Dir - straight line, f/p - iguana
Aim: an iguana (severely wounded)
You feel a surge of power!
The magic dart hits the iguana.
The iguana is severely wounded.
The iguana bites you!
You die...

..# ..# #.# #.# #.# #.#
#.# #.# #.# #.# #.#
#..########.#####.######
#......@.##>............
##.#####l##.............
#......#..........######
#.[....#.##.##.##.#
#......#.##.##....#
#...)..#.##.##..#.#
#...........#.....#
#......#.#####..#.# ####
#......#.# #..#.###...


You could see an iguana.

Vanquished Creatures
  An orc priest (D:3)
  An orc wizard (D:4)
  2 adders (D:3)
  A worm (D:3)
  2 dart slugs
  A leopard gecko (D:1)
  2 orcs
  A giant cockroach (D:3)
  2 goblins (D:1)
  8 hobgoblins
  A bat (D:3)
  3 frilled lizards
  3 kobolds
  A rat (D:1)
29 creatures vanquished.

Notes
Turn   | Place    | Note
-------+----------+-------------------------------------------
     0 | D:1      | letownia2 the Tengu Conjurer began the quest for the Orb.
     0 | D:1      | Reached XP level 1. HP: 10/10 MP: 4/4
   143 | D:1      | Reached XP level 2. HP: 12/15 MP: 0/6
   176 | D:1      | Reached skill level 6 in Conjurations
   226 | D:1      | Learned a level 2 spell: Searing Ray
   431 | D:3      | Reached XP level 3. HP: 18/19 MP: 3/7
   541 | D:3      | Reached skill level 7 in Conjurations
   541 | D:3      | Reached XP level 4. HP: 17/24 MP: 1/8
   625 | D:2      | Learned a level 4 spell: Iskenderun's Mystic Blast
   748 | D:4      | Found a staircase to the Ecumenical Temple.
   756 | Temple   | Entered the Ecumenical Temple
   866 | Temple   | Became a worshipper of Cheibriados the Contemplative
   897 | D:4      | Noticed Duvessa
   897 | D:4      | Noticed Dowan
   946 | D:3      | Slain by an iguana

Skill      XL: |  1  2  3 |
---------------+----------+-----
Conjurations   | 6 7 |  7.9
Fighting       | |  0.2
Armour         | |  0.2
Dodging        | |  2.2
Stealth        | |  2.0
Spellcasting   | |  2.0

Action                   |  1- 3 |  4- 6 || total
-------------------------+-------+-------++-------
Melee: Dagger            |     5 |     6 ||    11
       Kick              |       |     1 ||     1
       Peck              |       |     1 ||     1
 Cast: Magic Dart        |    26 |     2 ||    28
       Searing Ray       |     7 |     6 ||    13
       Iskenderun's Myst |       |     1 ||     1
  Use: Scroll            |       |     2 ||     2
       Potion            |       |     1 ||     1
 Stab: Sleeping          |     1 |       ||     1
  Eat: Chunk             |       |     1 ||     1
Armor: Robe              |     4 |     3 ||     7
Dodge: Dodged            |    17 |    26 ||    43
